cohdb
Replays
Latest Replays
All Replays
Popular Replays
Top Player Replays
Match Explorer
How It Works
Community
CoH3 Stats
Reddit
Sign in to upload your games and track your stats! →
Sign in with Steam
Match 39720452
Unlisted
Match 39720452
Overview
Messages
Build Orders
End
Construct Infanterie Kompanie
MG 42 Machine Gun Team
Selects Terror Battlegroup
Selects Machine Gun Camouflage
Grenadier Squad
Grenadier Squad
MG 42 Machine Gun Team
Construct Panzergrenadier Kompanie
Panzergrenadier Squad
Selects Contempt for the Weak
Panzergrenadier Officer Quarters
Support Elements
StuG III G Assault Gun
Pioneer Squad
打飞医保卡
inc.
Monkey CPU
shootinputin
Kanade
KMS Bismarck
Alika-v
xingluo99kk1
0
0
Comments
sign in to comment!
No comments posted yet!